 Dungeon Crawl Stone Soup version 0.21.1 (webtiles) character file.

354 shakethe the Ruffian (level 6, 0/62 HPs)
             Began as a Troll Monk on Feb 4, 2018.
             Slain by Sigmund
             ... wielding a +0 scythe
              (7 damage)
             ... on level 4 of the Dungeon.
             The game lasted 00:13:29 (3030 turns).

shakethe the Ruffian (Troll Monk)                   Turns: 3030, Time: 00:13:29

Health: 0/62       AC:  5    Str: 20      XL:     6   Next: 35%
Magic:  5/5        EV: 11    Int:  6      God:
Gold:   73         SH:  0    Dex: 12 (14) Spells: 5/5 levels left

rFire    . . .     SeeInvis .     - Unarmed
rCold    . . .     Gourm    +   (no shield)
rNeg     . . .     Faith    .   a - +0 robe
rPois    .         Spirit   .   (helmet restricted)
rElec    .         Reflect  .   (no cloak)
rCorr    .         Harm     .   (gloves unavailable)
MR       .....                  (boots unavailable)
Stlth    ++........             (no amulet)
HPRegen  0.60/turn              (no ring)
MPRegen  0.09/turn              (no ring)

@: no status effects
A: large, unfitting armour, claws 3, fast metabolism 3, gourmand, regeneration
1, shaggy fur 1, tough skin 2
a: no special abilities


You were on level 4 of the Dungeon.
You were full.

You visited 2 branches of the dungeon, and saw 5 of its levels.

You collected 73 gold pieces.

Inventory:

Hand Weapons
 n - a +1 short sword of speed
 q - a +1 morningstar
Armour
 a - a +0 robe (worn)
Jewellery
 o - an uncursed ring of ice
Scrolls
 d - 5 scrolls of identify
 i - 4 scrolls of remove curse
 m - a scroll of teleportation {unknown}
 p - 2 scrolls of blinking {unknown}
Potions
 c - 3 potions of haste {unknown}
 e - a potion of agility {unknown}
 f - a potion of lignification {unknown}
 h - a potion of curing {unknown}
 j - a potion of might {unknown}
 k - a potion of flight {unknown}
Comestibles
 b - 4 rations


   Skills:
 + Level 3.9 Fighting
 + Level 3.9 Dodging
 - Level 1.1 Stealth
 + Level 4.7 Unarmed Combat


You had 5 spell levels left.
You didn't know any spells.

Dungeon Overview and Level Annotations

Branches:
Dungeon (4/15)             Temple (1/1) D:4

Altars:
Cheibriados
Dithmenos
Gozag
Kikubaaqudgha
Makhleb
Nemelex Xobeh
Ru
Sif Muna
Trog
Uskayaw
Vehumet
Wu Jian
The Shining One

Annotations:
D:4 Eustachio, Sigmund


Innate Abilities, Weirdness & Mutations

You are too large for most types of armour.
You have claws for hands.
Your metabolism is lightning-fast.
You like to eat raw meat.
Your natural rate of healing is unusually fast.
You are covered in fur. (AC +1)
You have very tough skin. (AC +2)


Message History

The quasit claws you but does no damage.
The quasit closely misses you. The rat bites you but does no damage.
The river rat bites you!
* * * LOW HITPOINT WARNING * * *
The white imp gestures at you. The puff of frost hits you!
* * * LOW HITPOINT WARNING * * *
The ufetubus barely misses you. The ufetubus misses you. The bullfrog hits you.
* * * LOW HITPOINT WARNING * * *
The quasit barely misses you.
The quasit claws you but does no damage. x2
None of your equipped items are cursed.
Unknown command.
As you read the scroll labeled OKEXAE URAEWNO, it crumbles to dust.
It is a scroll of enchant weapon.
Your morningstar glows red for a moment.
The bat barely misses you. The ufetubus barely misses you.
The ufetubus hits you but does no damage.
Sigmund hits you from afar with a scythe!
You die...

##### ##...####
....... #
#...####
#.#...#..#
#........#
..>#.##5r..##
#...h5@r..#
#....F5b@..#
#.....@b.....#
..........#...#
..............#
#..........#<.#
#.......#... .#
##.#......#.#


You could see Eustachio, Sigmund, a bullfrog, a hound, a quasit, a river rat, a
white imp, an ufetubus, 2 bats and a rat.

Vanquished Creatures
  A hound (D:4)
  3 orc priests
  4 orc wizards
  3 adders
  An ooze (D:1)
  A worm (D:2)
  5 dart slugs
  3 leopard geckos
  9 orcs
  7 giant cockroaches
  6 goblins
  7 hobgoblins
  6 jackals
  3 kobolds
  8 bats
  7 frilled lizards
  6 rats
80 creatures vanquished.

Notes
Turn   | Place    | Note
-------+----------+-------------------------------------------
     0 | D:1      | shakethe the Troll Monk began the quest for the Orb.
     0 | D:1      | Reached XP level 1. HP: 22/22 MP: 0/0
   147 | D:1      | Reached XP level 2. HP: 29/29 MP: 1/1
   431 | D:1      | Reached XP level 3. HP: 36/36 MP: 2/2
  1021 | D:2      | Reached XP level 4. HP: 32/45 MP: 3/3
  1266 | D:2      | Found a faded altar of an unknown god.
  1322 | D:2      | Reached skill level 4 in Unarmed Combat
  1549 | D:3      | Found a radiant altar of Vehumet.
  1758 | D:3      | Reached XP level 5. HP: 53/53 MP: 4/4
  1856 | D:3      | Found a bloodstained altar of Trog.
  1859 | D:3      | Found a burning altar of Makhleb.
  2525 | D:4      | Reached XP level 6. HP: 60/62 MP: 5/5
  2648 | D:4      | Found a staircase to the Ecumenical Temple.
  2690 | Temple   | Entered the Ecumenical Temple
  3014 | D:4      | Noticed Eustachio
  3025 | D:4      | Noticed Sigmund
  3030 | D:4      | Slain by Sigmund

Skill      XL: |  1  2  3  4 |
---------------+-------------+-----
Fighting       | 3 |  3.9
Dodging        | 3 |  3.9
Unarmed Combat | 4 |  4.7
Stealth        | |  1.1

Action                   |  1- 3 |  4- 6 || total
-------------------------+-------+-------++-------
Melee: Unarmed           |    75 |   169 ||   244
  Use: Scroll            |       |     4 ||     4
 Stab: Sleeping          |     1 |     2 ||     3
  Eat: Chunk             |    14 |    16 ||    30
Armor: Robe              |    56 |   105 ||   161
Dodge: Dodged            |    61 |   195 ||   256
